 Dungeon Crawl Stone Soup version 0.31-a0-271-gb88eb75e06 (webtiles) character file.

Game seed: 13575992774237462141

889 Shard1697 the Changeling (level 7, -2/42 (50) HPs)
             Began as a Pale Draconian Hedge Wizard on July 15, 2023.
             Slain by a wight
             ... wielding a +5 scimitar
              (7 damage)
             ... on level 5 of the Dungeon.
             The game lasted 00:08:57 (4675 turns).

Shard1697 the Changeling (DrHW)                     Turns: 4675, Time: 00:08:57

HP:   -2/42 (50)    AC:  8    Str: 12    XL:     7   Next: 77%
MP:   11/11         EV:  9    Int: 14    God:
Gold: 335           SH:  7    Dex: 13    Spells: 10/12 levels left

rFire   + . .        a - +2 short sword (elec)
rCold   + . .        m - +0 kite shield
rNeg    . . .        (body armour unavailable)
rPois   .            b - +2 hat
rElec   .            u - scarf "Reifoege" {+Inv, Fly rC+ Regen+}
rCorr   .            (no gloves)
SInv    .            (no boots)
Will    .....        (no amulet)
Stlth   ++           s - ring of protection from fire
HPRegen 1.07/turn    k - +4 ring of slaying
MPRegen 0.12/turn

%: no passive effects
@: flying, heavily drained
A: breathe steam, AC +6, unfitting armour, cold-blooded, steam resistance
a: Breathe Steam, Evoke Invisibility


You were on level 5 of the Dungeon.
You visited 1 branch of the dungeon, and saw 6 of its levels.
You also visited: Sewer.

You collected 335 gold pieces.

Inventory:

Hand Weapons
 a - a +2 short sword of electrocution (weapon)
 g - a +0 dagger
Armour
 b - a +2 hat (worn)
 m - a +0 kite shield (worn)
 u - the scarf "Reifoege" (worn) {+Inv, Fly rC+ Regen+}
   (You acquired it on level 3 of the Dungeon)

   rC:        It protects you from cold.
   Fly:       It grants you flight.
   Regen:     It increases your rate of health regeneration.
Jewellery
 k - a +4 ring of slaying (right hand)
 q - a ring of protection from cold
 s - a ring of protection from fire (left hand)
 t - a ring of wizardry
Talismans
 h - a serpent talisman
Wands
 d - a wand of iceblast (6)
 n - a wand of paralysis (8)
 v - a wand of flame (13)
Scrolls
 j - a scroll of teleportation
 w - a scroll of butterflies {unknown}
Potions
 c - 2 potions of magic
 e - a potion of curing
 f - a potion of heal wounds {unknown}
 i - a potion of enlightenment
 l - a potion of resistance {unknown}
 o - a potion of brilliance {unknown}
 p - 2 potions of haste {unknown}
 r - a potion of degeneration {unknown}


   Skills:
 - Level 1.7 Dodging
 - Level 1.7 Stealth
 - Level 3.0 Spellcasting
 - Level 1.0 Conjurations
 - Level 1.8 Summonings
 - Level 1.0 Translocations
 + Level 7.2 Shapeshifting


You had 10 spell levels left.
You knew the following spells:

 Your Spells              Type           Power      Damage    Failure   Level
b - Call Imp              Summ           14%        N/A       56%         2

Your spell library contained the following spells:

 Spells                   Type           Power      Damage    Failure   Level
 Magic Dart               Conj           16%        1d3       54%         1
 Slow                     Hex            8%         N/A       67%         1
 Blink                    Tloc           8%         N/A       67%         2
 Lesser Beckoning         Tloc           8%         N/A       67%         2
 Momentum Strike          Conj/Tloc      8%         3d8       67%         2
 Cigotuvi's Dreadful Rot  Necr/Pois/Air  4%         N/A       82%         2
 Portal Projectile        Hex/Tloc       6%         N/A       93%         3
 Volatile Blastmotes      Fire/Tloc      6%         2d10      93%         3
 Mephitic Cloud           Conj/Pois/Air  3%         N/A       94%         3
 Tukima's Dance           Hex            2%         N/A       96%         3
 Iskenderun's Mystic Bla  Conj/Tloc      4%         2d3       99%         4
 Passage of Golubria      Tloc           4%         N/A       99%         4
 Fulminant Prism          Conj/Hex       1%         3d5       100%        4
 Yara's Violent Unravell  Hex/Tmut       1%         3d3       100%        5
 Simulacrum               Ice/Necr       1%         N/A       100%        6
 Ozocubu's Refrigeration  Ice            1%         4d7       100%        7
 Polar Vortex             Ice            1%         N/A       100%        9


Dungeon Overview and Level Annotations

Branches:
Dungeon (6/15)              Sewer (visited)
 Temple: D:4-7

Altars:

Shops:
D:1 [


Innate Abilities, Weirdness & Mutations

You can breathe blasts of scalding, opaque steam.
Your pale cyan-grey scales are hard. (AC +6)
You cannot fit into any form of body armour.
You are cold-blooded and may be slowed by cold attacks.
You are immune to the effects of steam.


Message History

You fly upwards.
There is a stone staircase leading down here.
You start resting.
HP restored.
Things that are here:
a +0 robe; a +2 scimitar of freezing
There is a stone staircase leading down here.
You fly downwards.
There is a stone staircase leading up here.
The wight hits you with a +5 scimitar!
You feel drained.
You fly upwards.
There is a stone staircase leading down here.
You hit the wight.
The wight is moderately damaged.
The wight hits you with a +5 scimitar!
You feel drained. You block the wight's attack.
You are too injured to fight recklessly!
You are too injured to fight recklessly!
You hit the wight.
The wight is severely damaged.
You block the wight's attack.
You hit the wight.
The wight is severely damaged.
You block the wight's attack.
You hit the wight.
Your tail-slap misses the wight.
The wight is almost destroyed.
The wight hits you with a +5 scimitar!
You feel drained.
You hit the wight but do no damage.
The wight is almost destroyed.
The wight barely misses you. The wight hits you with a +5 scimitar.
You barely miss the wight.
The wight is almost destroyed.
The wight hits you with a +5 scimitar!
* * * LOW HITPOINT WARNING * * *
You feel drained.
* * * LOW HITPOINT WARNING * * *
You barely miss the wight.
The wight is almost destroyed.
The wight hits you with a +5 scimitar!
You die...

####.###.##.##........##...##.###
#..#.###.##.#####..###.###.# #
##+#.## #.##.# #..###.###.# #
##...## #.##.### #...รท......# #
##.....## #......# #.###...####
#.......######.#.###.# #...#.##
.........####........####.#...###
.........'.......[...............
.........####...@########.#...###
#.......######.#z## #.##.##
##.....## #.......# #.#...##
##...## #...[...# #..###.# ##'##
#.......# #..# #.# ####.#
#.......# ##.###.# ..##.#
#.......# ##...## #.##.##
#.......# #####.### #.#...##
#.......# #.......#


You could see a wight.

Vanquished Creatures
  Eustachio (D:4)
  Pargi (Sewer)
  A black bear (D:4)
  An ogre (D:5)
  A scorpion (D:4)
  2 wights (D:5)
  2 hounds
  2 iguanas (D:5)
  2 orc wizards (D:4)
  A gnoll (D:6)
  7 adders
  3 river rats (D:3)
  2 dart slugs
  An orc (D:4)
  4 endoplasms
  5 giant cockroaches
  3 goblins
  2 hobgoblins
  6 jackals
  7 quokkas
  8 ball pythons
  6 bats
  A frilled lizard (D:1)
  3 kobolds
  7 rats
79 creatures vanquished.

Vanquished Creatures (others)
  An orc (D:6)
1 creature vanquished.

Grand Total: 80 creatures vanquished

Notes
Turn   | Place    | Note
-------+----------+-------------------------------------------
     0 | D:1      | Shard1697 the Draconian Hedge Wizard began the quest for
                  | the Orb.
     0 | D:1      | Reached XP level 1. HP: 14/14 MP: 4/4
   112 | D:1      | Found Qotis's Armour Boutique.
   356 | D:1      | Reached XP level 2. HP: 20/20 MP: 6/6
   359 | D:1      | Learned a level 2 spell: Call Imp
   511 | D:1      | Reached skill level 1 in Shapeshifting
  1010 | D:2      | Reached XP level 3. HP: 24/26 MP: 7/7
  1249 | D:2      | You fall into a shaft and drop 2 floors!
  1279 | D:4      | Noticed a black bear
  1345 | D:4      | Reached skill level 2 in Shapeshifting
  1367 | D:4      | Noticed a scorpion
  1376 | D:4      | Killed a scorpion
  1377 | D:4      | Reached skill level 3 in Shapeshifting
  1377 | D:4      | Reached XP level 4. HP: 8/33 MP: 5/8
  1752 | D:4      | Noticed Eustachio
  1806 | D:4      | Killed Eustachio
  1807 | D:4      | Reached skill level 4 in Shapeshifting
  1807 | D:4      | Reached XP level 5. HP: 5/38 MP: 9/9
  2100 | D:3      | Reached XP level 6. HP: 44/45 MP: 7/10
  2146 | D:3      | Found a glowing drain.
  2196 | Sewer    | Entered a sewer
  2283 | Sewer    | Noticed Pargi
  2299 | Sewer    | Killed Pargi
  2300 | Sewer    | Reached skill level 5 in Shapeshifting
  3036 | D:3      | Identified a scroll of acquirement
  3036 | D:3      | Acquired the scarf "Reifoege" {+Inv, Fly rC+ Regen+}
  3522 | D:4      | Reached skill level 6 in Shapeshifting
  3522 | D:4      | Your scales start taking on a pale cyan-grey colour.
  3522 | D:4      | Reached XP level 7. HP: 46/50 MP: 11/11
  3522 | D:4      | Gained mutation: You are immune to the effects of steam.
                  | [Pale Draconian growth]
  3591 | D:5      | Entered Level 5 of the Dungeon
  4572 | D:5      | Reached skill level 7 in Shapeshifting
  4675 | D:5      | Slain by a wight

Illustrated notes

Levels and vault maps discovered:
D:1:      dreamdust_arrival_sigmund_warning, layout_loops_ring, serial_shops,
          nicolae_shop_competitors_out_of_business
D:2:      layout_rooms
D:3:      layout_basic, portal_sewer_entry_e, hex_medium
D:4:      layout_cave_pods, nicolae_nh_ransacked_shop, uniq_eustachio
D:5:      layout_loops_corners, kennysheep_generic_room_14
D:6:      layout_rooms, minmay_temple_entry_offerings, lemuel_flamethrower_2

Skill      XL: |  1  2  3  4  5  6  7 |
---------------+----------------------+-----
Shapeshifting  | 1 3 4 6 7 |  7.2
Dodging        | |  1.7
Stealth        | |  1.7
Spellcasting   | |  3.0
Conjurations   | |  1.0
Summonings     | |  1.8
Translocations | |  1.0

Action                     |  1- 3 |  4- 6 |  7- 9 || total
---------------------------+-------+-------+-------++-------
  Melee: Short sword       |    91 |   140 |    52 ||   283
         Tailslap          |    13 |    16 |     7 ||    36
         Punch             |     1 |       |       ||     1
   Cast: Call Imp          |     2 |     6 |       ||     8
    Use: Scroll            |       |    11 |       ||    11
         Potion            |       |     3 |       ||     3
   Stab: Sleeping          |     4 |     4 |     2 ||    10
 Armour: Skin              |    29 |    68 |    12 ||   109
  Dodge: Dodged            |    59 |   112 |    23 ||   194
  Block: Kite shield       |       |    10 |    25 ||    35

Table legend: (Time is in decaauts)
 A = Elapsed time spent in this place.
 B = Non-inter-level travel time spent in this place.
 C = Inter-level travel time spent in this place.
 D = Time resting spent in this place.
 E = Time spent auto-exploring this place.
 F = Levels seen in this place.
 G = Mean time per level.
                   A        B        C        D        E       F      G
               +--------+--------+--------+--------+--------+-----+--------+
         Total |   4706 |   4489 |    217 |    260 |   3288 |   7 |  672.3 |
       Dungeon |   4477 |   4260 |    217 |    260 |   3139 |   6 |  746.2 |
         Sewer |    229 |    229 |      0 |      0 |    148 |   1 |  229.0 |
               +--------+--------+--------+--------+--------+-----+--------+

Top non-repeatable levels by time:
     D:4: 1251 daAuts
     D:5: 1073 daAuts
     D:3: 841 daAuts
     D:1: 734 daAuts
     D:2: 555 daAuts
   Sewer: 229 daAuts
     D:6: 21 daAuts
